 Dungeon Crawl Stone Soup version 0.20.1-1-g8b1a95d (webtiles) character file.

1943 karf the Spear-Bearer (level 9, -1/106 HPs)
             Began as a Merfolk Berserker on Oct 28, 2017.
             Was a Priest of Trog.
             Slain by Rhok's ghost (19 damage)
             ... on level 7 of the Dungeon.
             The game lasted 00:24:35 (7164 turns).

karf the Spear-Bearer (Merfolk Berserker)           Turns: 7164, Time: 00:24:35

Health: -1/106     AC:  4    Str: 22    XL:     9   Next: 18%
Magic:  0/9        EV: 17    Int:  6    God:    Trog [***...]
Gold:   372        SH:  0    Dex: 17    Spells: 8/8 levels left

rFire    + . .     SeeInvis .   B - +0 halberd
rCold    + . .     Gourm    .   (shield currently unavailable)
rNeg     . . .     Faith    .   r - +0 leather armour
rPois    .         Spirit   +   m - +0 helmet
rElec    .         Reflect  .   o - scarf {rC+ rF+}
rCorr    .         Harm     .   (no gloves)
MR       +++..                  (no boots)
Stlth    ..........             x - amulet of guardian spirit
Regen    1.3/turn               b - ring of protection from magic
MPRegen  0.2/turn               (no ring)

@: berserking (expiring), regenerating, very quick
A: change form in water, swift swim, stealthy swim
a: Berserk, Trog's Hand, Burn Spellbooks, Renounce Religion


You were on level 7 of the Dungeon.
You worshipped Trog.
Trog was most pleased with you.
You were not hungry.

You visited 1 branch of the dungeon, and saw 7 of its levels.

You collected 372 gold pieces.

Inventory:

Hand Weapons
 j - a +0 trident
 B - a +0 halberd (weapon)
Missiles
 t - 16 javelins (quivered)
Armour
 m - a +0 helmet (worn)
 o - a scarf of resistance (worn)
 r - a +0 leather armour (worn)
 z - a +0 large shield of cold resistance
Jewellery
 b - a ring of protection from magic (left hand)
 x - an amulet of guardian spirit (around neck)
 C - an uncursed ring of protection from cold {unknown}
Wands
 w - a wand of confusion (28/48)
Scrolls
 d - 3 scrolls of fear
 e - 4 scrolls of teleportation
 i - a scroll of random uselessness {unknown}
 p - 6 scrolls of identify {unknown}
 v - 2 scrolls of remove curse
 y - a scroll of amnesia {unknown}
 A - a scroll of blinking {unknown}
Potions
 a - a potion of haste {unknown}
 g - a potion of berserk rage {unknown}
 h - a potion of cancellation {unknown}
 k - a potion of resistance {unknown}
 l - 3 potions of heal wounds {unknown}
 n - a potion of lignification {unknown}
 q - 2 potions of agility {unknown}
 s - a potion of magic {unknown}
Comestibles
 c - 6 bread rations
 f - 4 meat rations


   Skills:
 + Level 6.5 Fighting
 * Level 11.4 Polearms
 - Level 1.6 Armour
 + Level 7.6 Dodging
 * Level 4.4 Shields


You had 8 spell levels left.
You didn't know any spells.

Dungeon Overview and Level Annotations

Branches:
Dungeon (7/15)             Temple (0/1) D:6

Altars:
Cheibriados
Dithmenos
Qazlal
Sif Muna
Vehumet
The Shining One

Annotations:
D:7 Rhok's ghost, novice FeEn


Message History

The hippogriff screeches!
Rhok's ghost closely misses you.
You miss Rhok's ghost. You miss Rhok's ghost.
Rhok's ghost completely misses you.
You slice Rhok's ghost!!
Rhok's ghost is heavily damaged.
You miss Rhok's ghost.
Rhok's ghost is heavily damaged.
Rhok's ghost barely misses you.
You closely miss Rhok's ghost.
Rhok's ghost is heavily damaged.
You feel the effects of Trog's Hand fading.
Rhok's ghost hits you!
* * * LOW HITPOINT WARNING * * *
You miss Rhok's ghost.
Rhok's ghost is heavily damaged.
You barely miss Rhok's ghost.
Rhok's ghost is heavily damaged.
Rhok's ghost hits you!!
You die...

..... # ....# #.
#..#.# #.. .....#
#..>#######[.#
.............##
.......W......#
.......@.H.#.## ..
###...#######..#####
... .....## ##..##..
..# #.....#
##.##.#####.#
#.....#
###.##.##..._.
#.....#
#............#
#>....#
#.#.##.##.##.#
#.##.....#
#.#.##.......#
#.......#
#.#.......##5#


You could see a hippogriff and Rhok's ghost.

Vanquished Creatures
  Grinder (D:6)
  Menkaure (D:6)
  A phantom (D:3)
  2 ogres
  3 sky beasts
  A centaur (D:6)
  A big kobold (D:7)
  Blork the orc (D:5)
  A bullfrog (D:6)
  A gnoll sergeant (D:6)
  A scorpion (D:7)
  2 crimson imps (D:5)
  A hound (D:6)
  2 bullfrog skeletons
  A centaur skeleton (D:6)
  Ijyb (D:5)
  Jessica (D:2)
  3 worker ants
  2 iguanas (D:5)
  An orc wizard (D:4)
  3 hound skeletons (D:6)
  Robin (D:2)
  7 gnolls
  8 adders
  An ooze (D:3)
  2 adder zombies
  An adder skeleton (D:6)
  A worm (D:3)
  4 dart slugs
  5 leopard geckos
  7 orcs
  A ball python (D:2)
  8 bats
  7 giant cockroaches
  17 goblins
  10 hobgoblins
  6 jackals
  11 kobolds
  3 quokkas
  3 frilled lizards
  A giant cockroach zombie (D:5)
  A quokka skeleton (D:6)
  6 rats
142 creatures vanquished.

Vanquished Creatures (others)
  A hobgoblin (D:2)
1 creature vanquished.

Grand Total: 143 creatures vanquished

Notes
Turn   | Place    | Note
-------+----------+-------------------------------------------
     0 | D:1      | karf the Merfolk Berserker began the quest for the Orb.
     0 | D:1      | Reached XP level 1. HP: 18/18 MP: 1/1
    52 | D:1      | Reached XP level 2. HP: 24/24 MP: 2/2
   213 | D:1      | Reached skill level 5 in Polearms
   240 | D:1      | Reached XP level 3. HP: 25/29 MP: 3/3
   929 | D:2      | Noticed Jessica
   937 | D:2      | Killed Jessica
   937 | D:2      | Reached XP level 4. HP: 36/37 MP: 4/4
  1009 | D:2      | Reached ** piety under Trog
  1272 | D:2      | Reached skill level 6 in Polearms
  1483 | D:2      | Noticed Robin
  1515 | D:2      | Killed Robin
  1515 | D:2      | Reached XP level 5. HP: 42/42 MP: 5/5
  1569 | D:2      | Found a stormy altar of Qazlal.
  1697 | D:2      | Found a radiant altar of Vehumet.
  1743 | D:2      | Found a deep blue altar of Sif Muna.
  1788 | D:2      | Found a glowing golden altar of the Shining One.
  2092 | D:3      | Noticed a phantom
  2437 | D:3      | Killed a phantom
  2437 | D:3      | Reached skill level 7 in Polearms
  2437 | D:3      | Reached XP level 6. HP: 9/49 MP: 6/6
  3146 | D:4      | Reached skill level 5 in Dodging
  3405 | D:4      | Found a shadowy altar of Dithmenos.
  3801 | D:4      | Reached skill level 8 in Polearms
  3901 | D:4      | Reached XP level 7. HP: 30/55 MP: 7/7
  4143 | D:5      | Entered Level 5 of the Dungeon
  4157 | D:5      | Reached skill level 5 in Fighting
  4290 | D:5      | Noticed Blork the orc
  4367 | D:5      | Killed Blork the orc
  4382 | D:5      | Reached skill level 9 in Polearms
  4881 | D:5      | Noticed Ijyb
  4894 | D:5      | Killed Ijyb
  5050 | D:5      | Reached XP level 8. HP: 38/63 MP: 8/8
  5262 | D:5      | Reached skill level 1 in Shields
  5594 | D:6      | Noticed Menkaure
  5600 | D:6      | Killed Menkaure
  5600 | D:6      | Reached skill level 10 in Polearms
  6220 | D:6      | Reached *** piety under Trog
  6232 | D:6      | Found a staircase to the Ecumenical Temple.
  6365 | D:6      | Noticed Grinder
  6375 | D:6      | Killed Grinder
  6375 | D:6      | Reached skill level 11 in Polearms
  6375 | D:6      | Reached XP level 9. HP: 70/70 MP: 5/9
  6984 | D:7      | Found a snail-covered altar of Cheibriados.
  7129 | D:7      | Noticed Rhok's ghost (novice FeEn)
  7164 | D:7      | Slain by Rhok's ghost

Skill      XL: |  1  2  3  4  5  6  7  8 |
---------------+-------------------------+-----
Dodging        | 3 4 5 6 7 |  7.6
Polearms       | 5 6 7 8 9 11 | 11.4
Fighting       | 4 5 6 |  6.5
Shields        | 4 |  4.4
Armour         | |  1.6

Action                   |  1- 3 |  4- 6 |  7- 9 || total
-------------------------+-------+-------+-------++-------
Melee: Spear             |    97 |   256 |       ||   353
       Trident           |       |    60 |   247 ||   307
       Halberd           |       |       |   101 ||   101
Throw: Javelin           |       |     4 |       ||     4
Invok: Berserk           |     1 |     4 |     6 ||    11
       Burn Spellbooks   |       |       |     2 ||     2
       Trog's Hand       |       |       |     3 ||     3
  Use: Scroll            |       |     3 |     1 ||     4
       Potion            |       |     3 |       ||     3
 Stab: Sleeping          |     2 |     1 |       ||     3
  Eat: Chunk             |     1 |    13 |     9 ||    23
       Fruit             |       |     1 |       ||     1
       Royal jelly       |       |       |     2 ||     2
       Meat ration       |       |       |     1 ||     1
Armor: Animal skin       |    16 |       |       ||    16
       Robe              |       |    24 |       ||    24
       Leather armour    |       |    15 |    37 ||    52
Dodge: Dodged            |    33 |   152 |   133 ||   318
Block: Large shield      |       |       |    79 ||    79
